 Dungeon Crawl Stone Soup version 0.26.0-45-g9c1d065592 (webtiles) character file.

Game seed: 13992197469329291266

7471 kaeus the Covert (level 11, -5/77 HPs)
             Began as an Octopode Monk on Jan 28, 2021.
             Was a Priest of Dithmenos.
             Slain by an eight-headed hydra (11 damage)
             ... on level 1 of the Lair of Beasts.
             The game lasted 00:23:23 (15925 turns).

kaeus the Covert (Octopode Monk)                   Turns: 15925, Time: 00:23:23

Health: -5/77      AC:  1    Str: 13    XL:     11   Next: 15%
Magic:  4/4        EV: 20    Int: 12    God:    Dithmenos [***...]
Gold:   78         SH:  0    Dex: 21    Spells: 12/15 levels left

rFire    . . .     SeeInvis .   x - +8 scimitar "Muhauc" {antimagic, *Drain rC+ Str+3 Dex+2}
rCold    + . .     Faith    .   (no shield)
rNeg     . . .     Spirit   .   (helmet restricted)
rPois    +         Reflect  .   (no amulet)
rElec    .         Harm     .   C - ring of stealth
rCorr    .         Rampage  .   (no ring)
Will     .....                  (no ring) Stlth *+++++++++
                                (no ring)
HPRegen  0.22/turn              (no ring)
MPRegen  0.09/turn              (no ring)
                                (no ring)
                                (no ring)

@: wreathed by umbra
A: almost no armour, stealthy swim, amphibious, 8 rings, constrict 8, tentacle
spike 1, camouflage 1, poison resistance, gelatinous body 1
a: Renounce Religion, Shadow Step


You were on level 1 of the Lair of Beasts.
You worshipped Dithmenos.
Dithmenos was most pleased with you.
You visited 3 branches of the dungeon, and saw 10 of its levels.
You also visited: Sewer and Ossuary.

You collected 468 gold pieces.
You spent 390 gold pieces at shops.

Inventory:

Hand Weapons
 q - a +5 dagger of venom
 x - the +8 scimitar "Muhauc" (weapon) {antimagic, *Drain rC+ Str+3 Dex+2}
   (You bought it in a shop on level 8 of the Dungeon)

   It reduces the magical energy of the wielder, and disrupts the spells and
   magical abilities of those hit.
   Natural abilities and divine invocations are not affected.
   It affects your strength (+3).
   It affects your dexterity (+2).
   It protects you from cold.
   It causes draining when unequipped.
 D - the +8 mace "Newtbane" {vorpal, rElec rPois Int-3 Dex+8, unknown}
   (You found it on level 1 of the Lair of Beasts)

   It inflicts extra damage upon your enemies.
   It affects your intelligence (-3).
   It affects your dexterity (+8).
   It insulates you from electricity.
   It protects you from poison.
Magical Staves
 E - an uncursed staff of fire {unknown}
Jewellery
 C - a ring of stealth (left tentacle)
Wands
 s - a wand of iceblast (10)
 y - a wand of disintegration (13)
 z - a wand of digging (8)
Scrolls
 a - 3 scrolls of magic mapping
 b - 5 scrolls of remove curse
 d - 2 scrolls of amnesia
 h - 2 scrolls of identify
 m - 3 scrolls of fear
 n - 3 scrolls of fog
 o - 3 scrolls of teleportation
 v - 2 scrolls of blinking
 B - a scroll of immolation {unknown}
Potions
 c - 2 potions of brilliance {unknown}
 e - a potion of degeneration {unknown}
 f - 2 potions of lignification
 g - 3 potions of heal wounds
 i - 2 potions of flight {unknown}
 j - 2 potions of magic {unknown}
 k - 5 potions of curing
 l - 2 potions of might {unknown}
 p - a potion of ambrosia {unknown}
 r - 2 potions of resistance
 t - 2 potions of mutation
 u - a potion of invisibility {unknown}
 w - 2 potions of experience {unknown}
 A - 2 potions of attraction {unknown}


   Skills:
 + Level 7.8 Fighting
 + Level 7.8 Short Blades
 + Level 7.8 Dodging
 * Level 14.1 Stealth
 + Level 2.5 Spellcasting
 + Level 2.5 Conjurations
 + Level 2.7 Hexes


You had 12 spell levels left.
You knew the following spells:

 Your Spells              Type           Power        Failure   Level
a - Dazzling Flash        Conj/Hex       14%          26%         3

Your spell library contained the following spells:

 Spells                   Type           Power        Failure   Level
 Magic Dart               Conj           28%          9%          1
 Searing Ray              Conj           14%          14%         2
 Confusing Touch          Hex            8%           26%         3
 Gell's Gravitas          Tloc           0%           61%         3
 Fulminant Prism          Conj/Hex       3%           65%         4
 Iskenderun's Mystic Bla  Conj/Tloc      4%           83%         4
 Petrify                  Tmut/Erth      1%           95%         4
 Metabolic Englaciation   Hex/Ice        2%           99%         5
 Yara's Violent Unravell  Hex/Tmut       2%           99%         5


Dungeon Overview and Level Annotations

Branches:
Dungeon (8/15)             Temple (1/1) D:7            Lair (1/6) D:8
  Sewer (visited)         Ossuary (visited)

Altars:
Ashenzari
Cheibriados
Dithmenos
Elyvilon
Fedhas
Gozag
Hepliaklqana
Kikubaaqudgha
Makhleb
Nemelex Xobeh
Okawaru
Qazlal
Ru
Sif Muna
Trog
Uskayaw
Vehumet
Wu Jian
Xom
Yredelemnul
Zin

Shops:
D:8 =*?(


Innate Abilities, Weirdness & Mutations

You cannot wear most types of armour.
You are very stealthy in the water. (Stealth+)
You are amphibious.
You can wear up to eight rings at the same time.
You can use your tentacles to constrict eight enemies at once.
Your skin changes colour to match your surroundings (Stealth+).
Your rubbery body absorbs attacks. (AC +1, EV +1)
One of your tentacles bears a spike.
Your system is resistant to poisons. (rPois)


Message History

The five-headed hydra grows two more!
You hit the seven-headed hydra.
The seven-headed hydra is lightly wounded.
The seven-headed hydra bites you!
The seven-headed hydra completely misses you.
The seven-headed hydra misses you. x2; The seven-headed hydra bites you! x2
The seven-headed hydra completely misses you.
You take 39 damage, and have 38/77 hp.
MASSIVE DAMAGE!!
The bullfrog gives a loud, deep croak!
You chop one of the seven-headed hydra's heads off!
The six-headed hydra grows two more!
You slash the eight-headed hydra!
You pierce the eight-headed hydra.
You squeeze the eight-headed hydra, but do no damage.
The eight-headed hydra is moderately wounded.
The eight-headed hydra bites you!
* * * LOW HITPOINT WARNING * * *
The eight-headed hydra barely misses you.
The eight-headed hydra bites you!
* * * LOW HITPOINT WARNING * * *
The eight-headed hydra bites you!
You die...

....###....### #.#..##..
....##....#.###......#
###........##..........##
#.......##.....#..#....
#.#....#†....##...#.F# #.
##...#...#.........## #
#....#..#...♣...♣...#
#.........#.....♣.....#
#...###...@D..♣...♣...#
...........##.........#.
..........##..#..#.........
.........# ##.....##.#....#
....... ###...F.....##?
....... ###.....#...
#.#.##..... ##...##. ..
....#..


You could see an eight-headed hydra and a bullfrog.

Vanquished Creatures
  Erica (D:8)
  2 two-headed ogres (D:8)
  A basilisk (Lair:1)
  An orc warrior (D:8)
  2 ice beasts
  2 phantoms
  A black bear (D:6)
  A sky beast (D:8)
  5 ogres
  5 centaurs
  3 big kobolds (Sewer)
  A gnoll sergeant (D:7)
  2 bullfrogs
  17 scorpions
  10 killer bees
  7 howler monkeys
  2 centaur zombies (Ossuary)
  A bullfrog zombie (D:8)
  11 hounds
  A gnoll shaman (D:7)
  7 orc priests
  3 bullfrog skeletons
  A human zombie (Ossuary)
  2 jellies
  8 orc wizards
  3 iguanas
  5 worker ants
  A big kobold zombie (Ossuary)
  3 mummies (Ossuary)
  2 howler monkey zombies
  19 gnolls
  A scorpion zombie (Ossuary)
  18 adders
  9 river rats
  2 shadow imps
  4 white imps
  2 ufetubi
  An ooze (Sewer)
  An adder skeleton (D:4)
  7 worms
  2 dart slugs
  4 leopard geckos
  38 orcs
  9 bats
  6 giant cockroaches
  9 goblins
  7 hobgoblins
  30 jackals
  2 quokkas (D:2)
  4 ball pythons
  6 frilled lizards
  3 gnoll zombies (Ossuary)
  2 goblin zombies (Ossuary)
  A hobgoblin zombie (Ossuary)
  20 kobolds
  A kobold zombie (Ossuary)
  2 leopard gecko skeletons
  3 orc zombies (Ossuary)
  28 rats
352 creatures vanquished.

Vanquished Creatures (others)
  A human (D:8)
  13 plants (D:3)
14 creatures vanquished.

Grand Total: 366 creatures vanquished

Notes
Turn   | Place    | Note
-------+----------+-------------------------------------------
     0 | D:1      | kaeus the Octopode Monk began the quest for the Orb.
     0 | D:1      | Reached XP level 1. HP: 16/16 MP: 1/1
   165 | D:1      | Reached skill level 3 in Stealth
   171 | D:1      | Reached XP level 2. HP: 21/21 MP: 2/2
   678 | D:1      | Reached XP level 3. HP: 26/26 MP: 3/3
   831 | D:1      | Reached skill level 4 in Stealth
  1509 | D:2      | Reached XP level 4. HP: 30/31 MP: 4/4
  1819 | D:2      | Reached skill level 5 in Stealth
  1921 | D:2      | Reached XP level 5. HP: 36/36 MP: 5/5
  3089 | D:3      | Reached XP level 6. HP: 26/43 MP: 6/6
  3107 | D:3      | Reached skill level 6 in Stealth
  3362 | D:3      | Found a glowing drain.
  3366 | Sewer    | Entered a sewer
  3938 | Sewer    | Reached skill level 7 in Stealth
  3938 | Sewer    | Reached XP level 7. HP: 37/48 MP: 7/7
  5829 | D:3      | Reached skill level 8 in Stealth
  5896 | D:3      | Found an ornate altar of the Wu Jian Council.
  5901 | D:3      | Found an opulent altar of Gozag.
  6423 | D:4      | Reached XP level 8. HP: 46/54 MP: 8/8
  6489 | D:4      | Reached skill level 5 in Short Blades
  6489 | D:4      | Reached skill level 5 in Dodging
  6629 | D:4      | Reached skill level 5 in Fighting
  6665 | D:4      | Reached skill level 9 in Stealth
  7059 | D:5      | Entered Level 5 of the Dungeon
  7589 | D:5      | Reached skill level 10 in Stealth
  8367 | D:6      | Reached XP level 9. HP: 62/62 MP: 9/9
  8399 | D:6      | Found a sand-covered staircase.
  8406 | Ossuary  | Entered an ossuary
  8931 | Ossuary  | Reached skill level 11 in Stealth
 10232 | D:6      | HP: 3/63 [acid (9)]
 10450 | D:6      | Found a glowing silver altar of Zin.
 10496 | D:6      | Found a bloodstained altar of Trog.
 10500 | D:6      | Found a shimmering altar of Xom.
 10889 | D:6      | Reached skill level 12 in Stealth
 11556 | D:6      | Gained mutation: You are frail. (-10% HP) [potion of
                  | mutation]
 11556 | D:6      | Gained mutation: Your magical capacity is low. (-10% MP)
                  | [potion of mutation]
 11556 | D:6      | Gained mutation: Your spells are a little harder to cast,
                  | but a little more powerful. [potion of mutation]
 11557 | D:6      | Lost mutation: You are frail. (-10% HP) [potion of
                  | mutation]
 11557 | D:6      | Lost mutation: Your magical capacity is low. (-10% MP)
                  | [potion of mutation]
 11557 | D:6      | Lost mutation: Your spells are a little harder to cast, but
                  | a little more powerful. [potion of mutation]
 11557 | D:6      | Gained mutation: One of your tentacles bears a spike.
                  | [potion of mutation]
 11557 | D:6      | Gained mutation: Your system is resistant to poisons.
                  | (rPois) [potion of mutation]
 11705 | D:6      | Reached XP level 10. HP: 69/69 MP: 10/10
 12994 | D:7      | Found a staircase to the Ecumenical Temple.
 13003 | Temple   | Entered the Ecumenical Temple
 13007 | Temple   | Became a worshipper of Dithmenos the Shadowed
 13007 | Temple   | Reached * piety under Dithmenos
 13007 | Temple   | Reached ** piety under Dithmenos
 13576 | D:7      | Reached skill level 13 in Stealth
 13762 | D:7      | Learned a level 3 spell: Dazzling Flash
 13904 | D:8      | Found Utyask's Jewellery Shoppe.
 13907 | D:8      | Bought an uncursed ring of stealth for 192 gold pieces
 14001 | D:8      | Noticed a two-headed ogre
 14049 | D:8      | Noticed a two-headed ogre
 14071 | D:8      | Killed a two-headed ogre
 14072 | D:8      | Reached skill level 1 in Spellcasting
 14072 | D:8      | Reached skill level 1 in Conjurations
 14072 | D:8      | Reached skill level 1 in Hexes
 14331 | D:8      | Found a hide-covered altar of Uskayaw.
 14353 | D:8      | Found Plog's General Store.
 14381 | D:8      | Killed a two-headed ogre
 14847 | D:8      | Found an iron altar of Okawaru.
 15100 | D:8      | Noticed Erica
 15128 | D:8      | Killed Erica
 15129 | D:8      | Reached skill level 14 in Stealth
 15129 | D:8      | Reached XP level 11. HP: 76/76 MP: 14/14
 15150 | D:8      | Found Cykkio's Antique Weapon Shop.
 15156 | D:8      | Bought a bloodstained scimitar for 198 gold pieces
 15156 | D:8      | Identified the +8 scimitar "Muhauc" {antimagic, *Drain rC+
                  | Str+3 Dex+2} (You bought it in a shop on level 8 of the
                  | Dungeon)
 15225 | D:8      | Reached *** piety under Dithmenos
 15361 | D:8      | Found Xeamusesh's Magic Scroll Shoppe.
 15510 | D:8      | Found a staircase to the Lair.
 15555 | D:8      | Found an ancient bone altar of Kikubaaqudgha.
 15800 | Lair:1   | Entered Level 1 of the Lair of Beasts
 15911 | Lair:1   | Got a twisted mace
 15914 | Lair:1   | Noticed a six-headed hydra
 15925 | Lair:1   | Slain by an eight-headed hydra

Illustrated notes

Levels and vault maps discovered:
D:1:      kennysheep_arrival_forest, layout_loops_corners, serial_aquarium,
          aquarium_bridge_straight [aquarium_subvault_bridge,
          aquarium_subvault_wall, aquarium_subvault_bridge,
          aquarium_subvault_window], aquarium_bridge_island_small
          [aquarium_subvault_small_water, aquarium_subvault_bridge,
          aquarium_subvault_wall, aquarium_subvault_bridge,
          aquarium_subvault_bridge], aquarium_window_fake,
          aquarium_window_corner, aquarium_window_corridor_1,
          aquarium_window_fake, aquarium_view_2g, aquarium_view_2d,
          aquarium_pool_2
D:2:      layout_loops_corners
D:3:      layout_loops_ring, minitemple, gup_sewer_entry_spiral,
          hangedman_glass_teeth, chequers_big_river, grunt_ministairs_14
D:4:      layout_rooms, minmay_between
D:5:      layout_loops_ring
D:6:      black_bear_nest_2, layout_loops_ring, nicolae_overflow_hidden_temple,
          general_overflow_altar, basic_altar, nicolae_ossuary_entry_ruins,
          minmay_crossroads
D:7:      layout_cave_pools, lemuel_temple_firewalk_b, serial_gnoll_camp,
          gnoll_camp_mini_hut, gnoll_camp_mini_loothouse, gnoll_camp_mini_house,
          gnoll_camp_mini_hut
D:8:      layout_basic, lemuel_round_altar, marbit_many_paths, lair_entry_dummy,
          serial_shops, kennysheep_little_box, shop, nicolae_shop_crystal, shop,
          tgw_kikubaaqudgha, uniq_erica
Temple:   zaba_magenta_temple
Lair:1:   layout_misc_corridors, gammafunk_ghost_grave, lemuel_fruit_fields,
          grunt_megastairs_2

Skill      XL: |  1  2  3  4  5  6  7  8  9 10 |
---------------+-------------------------------+-----
Stealth        | 3 4 5 7 8 10 12 14 | 14.1
Dodging        | 4 5 6 7 |  7.8
Short Blades   | 4 5 6 7 |  7.8
Fighting       | 4 5 6 7 |  7.8
Spellcasting   | 2 |  2.5
Conjurations   | 2 |  2.5
Hexes          | 2 |  2.7

Action                   |  1- 3 |  4- 6 |  7- 9 | 10-12 || total
-------------------------+-------+-------+-------+-------++-------
Melee: Short sword       |    74 |   154 |   152 |       ||   380
       Constrict         |    17 |    27 |   101 |    48 ||   193
       Tentacles         |    11 |    21 |   115 |    49 ||   196
       Dagger            |       |       |   339 |   200 ||   539
       Kick              |       |       |       |    74 ||    74
       Scimitar          |       |       |       |    26 ||    26
  Use: Scroll            |       |     4 |    13 |     5 ||    22
       Potion            |       |     1 |     7 |     5 ||    13
 Stab: Sleeping          |    13 |    20 |    31 |    26 ||    90
       Distracted        |     1 |     1 |     2 |     1 ||     5
Armor: Skin              |     5 |    81 |    12 |    52 ||   150
Dodge: Dodged            |    36 |    79 |   261 |   161 ||   537
       Rpst.: Scimitar   |       |       |       |     7 ||     7
